 Dungeon Sprint DCSS version 0.30-a0-305-g026cb31310 (webtiles) character file.

Game seed: 4018787760681983346

1521 mhtbhm the Basher (level 8, -4/129 HPs)
             Began as an Armataur Berserker on Oct 23, 2022.
             Was a Priest of Trog.
             Killed from afar by a white imp (12 damage)
             ... with a puff of frost
             ... summoned by a kobold demonologist
             ... while paralysed by a floating eye
             ... in the Dungeon (Sprint I: "Red Sonja").
             The game lasted 00:01:55 (727 turns).

mhtbhm the Basher (Armataur Berserker)               Turns: 727, Time: 00:01:55

Health: -4/129     AC: 10    Str: 24    XL:     8   Next: 54%
Magic:  8/8        EV:  1    Int:  7    God:    Trog [***...]
Gold:   673        SH:  0    Dex: 11    Spells: 7/7 levels left

rFire   . . .      SeeInvis +    a - +0 mace
rCold   . . .      Faith    .    (no shield)
rNeg    . . .      Spirit   .    b - +0 chain mail
rPois   .          Reflect  .    (no helmet)
rElec   .          Harm     .    (no cloak)
rCorr   .          Roll     +    (no gloves)
Will    .....      NoTele   +    (no barding)
Stlth   ..........               (no amulet)
HPRegen 0.41/turn                p - ring of see invisible
MPRegen 0.11/turn                (no ring)

@: paralysed, berserking
A: large, rugged brown scales 3, deformed body, armoured tail, roll, long
tongue, awkward tongue
a: Renounce Religion, Berserk, Trog's Hand


You were in the Dungeon.
You worshipped Trog.
Trog was most pleased with you.
You visited 1 branch You collected 853 gold pieces.
You spent 180 gold pieces at shops.

Inventory:

Hand Weapons
 a - a +0 mace (weapon)
Missiles
 c - 4 curare-tipped darts (quivered)
Armour
 b - a +0 chain mail (worn)
Jewellery
 p - a ring of see invisible (left hand)
Wands
 i - a wand of polymorph (2)
Scrolls
 h - 2 scrolls of blinking
 j - a scroll of butterflies {unknown}
 k - a scroll of fear {unknown}
 m - 2 scrolls of identify {unknown}
Potions
 d - 2 potions of heal wounds
 e - a potion of haste
 f - 2 potions of magic
 g - a potion of berserk rage
 l - 2 potions of curing
 n - a potion of attraction {unknown}
 o - a potion of cancellation {unknown}


   Skills:
 + Level 10.7 Fighting
 + Level 11.8 Maces & Flails
 + Level 0.3 Throwing
 + Level 9.0 Armour
 + Level 4.4 Dodging
 - Level 1.4 Unarmed Combat


You had 7 spell levels left.
You didn't know any spells.
Your spell library was empty.

Dungeon Overview and Level Annotations

Branches:
Dungeon (1/1)

Altars:
Cheibriados
Dithmenos
Elyvilon
Fedhas
Gozag
Hepliaklqana
Kikubaaqudgha
Makhleb
Nemelex Xobeh
Okawaru
Qazlal
Ru
Sif Muna
Trog
Uskayaw
Vehumet
Wu Jian
Xom
Yredelemnul
Zin
The Shining One
Jiyva
Lugonu

Shops:
D *=[


Innate Abilities, Weirdness & Mutations

You are completely covered in rugged brown scales. (AC +3, +7% HP)
Armour fits poorly on your strangely shaped body.
You have a long armoured tail.
You roll when moving toward enemies. (Rampage)
Your long tongue fully drains potion bottles. (2x potion effects)
Your tongue gives you trouble enunciating. (1.5x scroll delay)


Message History

Trog appreciates your killing of a magic user.
The sixfirhy disappears in a puff of smoke!
The iron imp disappears in a puff of smoke!
The crimson imp disappears in a puff of smoke!
The iron imp disappears in a puff of smoke!
Your Armour skill increases to level 9!
Unknown command.
You roll towards the white imp!
You barely miss the white imp. The floating eye seems to glare at you.
The kobold demonologist hits you with a +0 dagger.
* * * LOW HITPOINT WARNING * * *
You hit the kobold demonologist.
The kobold demonologist is lightly wounded.
The crimson imp hits you but does no damage.
The white imp hits you but does no damage.
Unknown command.
You hit the floating eye.
The floating eye is moderately wounded.
The kobold demonologist hits you but does no damage.
The floating eye gazes piercingly through you!
You suddenly lose the ability to move!
The crimson imp hits you.
* * * LOW HITPOINT WARNING * * *
The white imp gestures at you. The puff of frost hits you.
* * * LOW HITPOINT WARNING * * *
The kobold demonologist hits you but does no damage.
The crimson imp hits you but does no damage. x2
The white imp hits you but does no damage.
The kobold demonologist hits you but does no damage.
The crimson imp blinks!
The white imp gestures at you.
The puff of frost hits you but does no damage.
The crimson imp hits you but does no damage.
The kobold demonologist hits you with a +0 dagger.
* * * LOW HITPOINT WARNING * * *
The crimson imp hits you but does no damage.
The white imp gestures at you. The puff of frost hits you!
You die...

####################
)..#..'..#__#..§5G.#
#..').#..'..'..#@.5#
##'#####'#__####K5.+
#..#...#:#### #####
####..##.#
___##'#_.+
∩...'..._#
.__##_.#'##+###
___###'#.#....###
######.####'###.##


You could see a kobold demonologist, a floating eye, 2 crimson imps and a white
imp (summoned).

Vanquished Creatures
  A deep troll (D)
  A kobold demonologist (D)
  A slime creature (D)
  Sigmund (D)
  A yak (D)
  An ogre (D)
  A tengu (D)
  A jelly (D)
  Ijyb (D)
  A ballistomycete spore (D)
10 creatures vanquished.

Vanquished Creatures (others)
  A ballistomycete spore (D)
1 creature vanquished.

Grand Total: 11 creatures vanquished

Notes
Turn   | Place    | Note
-------+----------+-------------------------------------------
     0 | D        | mhtbhm the Armataur Berserker began the quest for the Orb.
     0 | D        | Reached XP level 1. HP: 19/19 MP: 1/1
     1 | D        | Noticed Ijyb
     9 | D        | Killed Ijyb
    10 | D        | Reached skill level 4 in Maces & Flails
    10 | D        | Reached XP level 2. HP: 28/28 MP: 2/2
    60 | D        | Noticed an ogre
    65 | D        | Killed an ogre
    66 | D        | Reached skill level 5 in Fighting
    66 | D        | Reached skill level 6 in Maces & Flails
    66 | D        | Reached XP level 3. HP: 29/39 MP: 3/3
    66 | D        | Reached XP level 4. HP: 35/47 MP: 4/4
   142 | D        | Noticed Sigmund
   150 | D        | Killed Sigmund
   150 | D        | Reached ** piety under Trog
   151 | D        | Reached skill level 7 in Maces & Flails
   151 | D        | Reached skill level 5 in Armour
   151 | D        | Reached skill level 1 in Unarmed Combat
   151 | D        | Reached XP level 5. HP: 55/55 MP: 5/5
   151 | D        | Reached XP level 6. HP: 64/64 MP: 6/6
   208 | D        | Found an ornate altar of the Wu Jian Council.
   208 | D        | Found a shimmering blue altar of Sif Muna.
   210 | D        | Found a radiant altar of Vehumet.
   214 | D        | Reached skill level 8 in Maces & Flails
   244 | D        | Found Nijanito's Jewellery Emporium.
   244 | D        | Found an ancient bone altar of Kikubaaqudgha.
   244 | D        | Found a hazy altar of Hepliaklqana.
   244 | D        | Found a stormy altar of Qazlal.
   244 | D        | Found a hide-covered altar of Uskayaw.
   244 | D        | Found a blossoming altar of Fedhas.
   244 | D        | Found a bloodstained altar of Trog.
   244 | D        | Found an iron altar of Okawaru.
   244 | D        | Found a basalt altar of Yredelemnul.
   244 | D        | Found a glowing golden altar of the Shining One.
   244 | D        | Found a snail-covered altar of Cheibriados.
   244 | D        | Found a sacrificial altar of Ru.
   244 | D        | Found a glowing silver altar of Zin.
   244 | D        | Found a shadowy altar of Dithmenos.
   244 | D        | Found a white marble altar of Elyvilon.
   244 | D        | Noticed a yak
   250 | D        | Killed a yak
   251 | D        | Reached skill level 9 in Maces & Flails
   251 | D        | Found an opulent altar of Gozag.
   252 | D        | Found a sparkling altar of Nemelex Xobeh.
   373 | D        | Found a burning altar of Makhleb.
   373 | D        | Found a viscous altar of Jiyva.
   373 | D        | Found a shimmering altar of Xom.
   373 | D        | Found a corrupted altar of Lugonu.
   373 | D        | Noticed a slime creature
   379 | D        | Killed a slime creature
   380 | D        | Reached XP level 7. HP: 74/74 MP: 7/7
   453 | D        | Noticed Sonja
   454 | D        | Sonja changed into Sonja the tengu
   454 | D        | Noticed Sonja
   460 | D        | Killed Sonja the tengu
   460 | D        | Reached *** piety under Trog
   461 | D        | Reached skill level 10 in Maces & Flails
   552 | D        | Found Raarer's Assorted Antiques.
   576 | D        | Noticed a deep troll
   585 | D        | Killed a deep troll
   586 | D        | Reached skill level 10 in Fighting
   586 | D        | Reached skill level 11 in Maces & Flails
   586 | D        | Reached XP level 8. HP: 85/85 MP: 8/8
   596 | D        | Found Dotiuguq's Armour Emporium.
   681 | D        | Bought a ring of see invisible for 180 gold pieces
   703 | D        | Noticed a kobold demonologist
   705 | D        | Noticed a sixfirhy
   705 | D        | Noticed a kobold demonologist
   708 | D        | Paralysed by a floating eye for 4 turns
   720 | D        | Killed a kobold demonologist
   723 | D        | Paralysed by a floating eye for 4 turns
   727 | D        | Killed from afar by a white imp

Illustrated notes

Levels and vault maps discovered:
D:        dungeon_sprint_1 [red_sonja_temple_1, red_sonja_temple_small_1]

Skill      XL: |  1  2  3  4  5  6  7  8 |
---------------+-------------------------+-----
Fighting       | 4 5 7 9 10 | 10.7
Maces & Flails | 4 6 7 9 11 | 11.8
Armour         | 3 4 5 7 8 9 |  9.0
Dodging        | 2 3 4 |  4.4
Unarmed Combat | 1 |  1.4
Throwing       | |  0.3

Action                   |  1- 3 |  4- 6 |  7- 9 || total
-------------------------+-------+-------+-------++-------
Melee: Unarmed           |     5 |       |       ||     5
       Mace              |     6 |    20 |    25 ||    51
       Tailslap          |     1 |     6 |     4 ||    11
       Punch             |       |     1 |       ||     1
Throw: Dart              |       |       |     1 ||     1
Invok: Berserk           |     2 |     2 |     3 ||     7
Evoke: Wand              |       |       |     1 ||     1
  Use: Potion            |       |       |     1 ||     1
Armor: Skin              |     1 |       |       ||     1
       Chain mail        |       |     6 |    31 ||    37
Dodge: Dodged            |     1 |     1 |    10 ||    12

Table legend: (Time is in decaauts)
 A = Elapsed time spent in this place.
 B = Non-inter-level travel time spent in this place.
 C = Inter-level travel time spent in this place.
 D = Time resting spent in this place.
 E = Time spent auto-exploring this place.
 F = Levels seen in this place.
 G = Mean time per level.
                   A        B        C        D        E       F      G
               +--------+--------+--------+--------+--------+-----+--------+
         Total |    792 |    792 |      0 |    393 |      1 |   1 |  792.0 |
       Dungeon |    792 |    792 |      0 |    393 |      1 |   1 |  792.0 |
               +--------+--------+--------+--------+--------+-----+--------+

Top non-repeatable levels by time:
       D: 792 daAuts
